 Dungeon Crawl Stone Soup version 0.16-b1 (webtiles) character file.

83 McCoppin the Slasher (level 4, -3/23 HPs)
             Began as a Vine Stalker Fighter on Mar 10, 2015.
             Slain by an ogre
             ... wielding a +0 giant club
              (14 damage)
             ... on level 4 of the Dungeon.
             The game lasted 00:04:50 (1651 turns).

McCoppin the Slasher (Vine Stalker Fighter)         Turns: 1651, Time: 00:04:50

Health: -3/23      AC:  9    Str: 20    XL:     4   Next: 44%
Magic:  0/5        EV:  7    Int:  8    God:
Gold:   149        SH:  9    Dex: 13    Spells: 0 memorised, 3 levels left

rFire  . . .     SeeInvis .     a - +0 long sword
rCold  . . .     Clarity  .     b - +0 scale mail
rNeg   . . .     SustAb   +     c - +0 shield
rPois  .         Gourm    .     (no helmet)
rElec  .         Spirit   +     (no cloak)
rCorr  .         Warding  .     n - +0 pair of gloves (curse)
rMut   .         Stasis   .     k - +1 pair of boots
MR     .....                    (no amulet)
Stlth  ..........               v - ring of sustain abilities
                                p - ring of flight

@: not resistant to hostile enchantments, extremely unstealthy
A: fangs 2, regeneration 1, magic shield, antimagic bite, no device heal 3, rot
immunity
a: Evoke Flight


You were on level 4 of the Dungeon.
You were hungry.

You visited 2 branches of the dungeon, and saw 5 of its levels.

You collected 149 gold pieces.

Inventory:

Hand weapons
 a - a +0 long sword (weapon)
Armour
 b - a +0 scale mail (worn)
 c - a +0 shield (worn)
 k - a +1 pair of boots (worn)
 n - a cursed +0 pair of gloves (worn)
Jewellery
 p - a ring of flight (left hand)
 v - a ring of sustain abilities (right hand)
Scrolls
 f - 3 scrolls of amnesia {unknown}
 o - a scroll of fear {unknown}
 q - a scroll of noise {unknown}
 s - a scroll of identify {unknown}
Potions
 e - a potion of might
 h - 4 potions of curing {unknown}
 i - a potion of haste {unknown}
 l - a potion of restore abilities {unknown}
 r - a potion of brilliance {unknown}
 u - a potion of agility {unknown}
Comestibles
 d - 3 bread rations
 g - a royal jelly
 j - 4 meat rations
 m - 3 fruits
 t - 2 beef jerkies


   Skills:
 - Level 2.6 Fighting
 + Level 4.1 Long Blades
 - Level 2.4 Armour
 - Level 2.6 Shields


You had 3 spell levels left.
You didn't know any spells.

Dungeon Overview and Level Annotations

Branches:
Dungeon (4/15)             Temple (1/1) D:4

Altars:
Ashenzari
Dithmenos
Elyvilon
Fedhas
Gozag
Kikubaaqudgha
Makhleb
Sif Muna
Vehumet
Xom
Zin
The Shining One


Innate Abilities, Weirdness & Mutations

You have extremely sharp teeth.
Your natural rate of healing is unusually fast.
When hurt, damage is shared between your health and your magic reserves.
Your bite disrupts and absorbs the magic of your enemies.
Potions and wands cannot restore your health.
You are immune to rotting.


Message History

An ogre comes into view. It is wielding a giant club.
The ogre shouts!
Drink which item? (? for menu, Esc to quit)
Okay, then.
Wield which item (- for none, * to show all)? (? for menu, Esc to quit)
Okay, then.
Found a stone staircase leading down.
You hit the ogre.
The ogre is lightly wounded.
The ogre hits you with a giant club!
Ouch! That really hurt!
A bat comes into view.
You hit the ogre but do no damage.
The ogre is lightly wounded.
The ogre barely misses you.
You slash the ogre! Your bite misses the ogre.
The ogre is heavily wounded.
The ogre hits you with a giant club!
Ouch! That really hurt!
You die...

..........................
....#........###..........
...#..#.....###......#..#
...#..............# . .. #
#....##...##......
...##.#.......### #.....
....#.#.....### ....
#...#.....######......
##.......##..@Ob......
#.....#####.####......
#.....####..# ..>
#....).....## .
#...<.###### #.....#
##...## #####


You could see an ogre and a bat.

Vanquished Creatures
  A hound (D:4)
  An adder (D:4)
  A worm (D:3)
  8 bats
  3 giant cockroaches
  5 goblins
  5 hobgoblins
  2 jackals (D:4)
  A giant newt (D:1)
  5 kobolds
  A quokka skeleton (D:4)
  4 rats
37 creatures vanquished.

Notes
Turn   | Place    | Note
--------------------------------------------------------------
     0 | D:1      | McCoppin, the Vine Stalker Fighter, began the quest for the Orb.
     0 | D:1      | Reached XP level 1. HP: 11/11 MP: 1/1
   147 | D:1      | Reached XP level 2. HP: 16/16 MP: 3/3
   978 | D:3      | Reached skill level 3 in Long Blades
   994 | D:3      | Reached XP level 3. HP: 19/19 MP: 4/4
  1214 | D:3      | Found an ancient bone altar of Kikubaaqudgha.
  1215 | D:3      | Found a blossoming altar of Fedhas.
  1216 | D:3      | Found a shattered altar of Ashenzari.
  1216 | D:3      | Found a shadowy altar of Dithmenos.
  1216 | D:3      | Found a glowing silver altar of Zin.
  1364 | D:4      | Reached XP level 4. HP: 4/23 MP: 2/5
  1387 | D:4      | Found a staircase to the Ecumenical Temple.
  1396 | Temple   | Entered the Ecumenical Temple
  1557 | D:4      | Reached skill level 4 in Long Blades
  1647 | D:4      | Noticed an ogre
  1651 | D:4      | Slain by an ogre

Action                   |  1- 3 |  4- 6 || total
-------------------------+-------+-------++-------
Melee: Long sword        |   101 |    27 ||   128
  Eat: Chunk             |     1 |     1 ||     2
